cohdb
Replays
Latest Replays
All Replays
Popular Replays
Top Player Replays
Match Explorer
How It Works
Community
CoH3 Stats
Reddit
Sign in to upload your games and track your stats! →
Sign in with Steam
Match 44952018
Unlisted
Match 44952018
Overview
Messages
Build Orders
End
Kradschützen Motorcycle Team
Selects Italian Combined Arms Battlegroup
Selects Bersaglieri Squad
Bersaglieri Squad
Bersaglieri Squad
Construct Light Support Kompanie
Bersaglieri Squad
Selects Bersaglieri Bolster
2.5-tonne Medical Truck
Selects Breda Model 30 Light Machine Guns
Fire Support Elements
le.IG 18 Mechanized Group
Panzerjäger Squad
MG34 Team
Selects Semovente da 75/18 Assault Gun
Construct Panzerarmee Kommand
Selects Carro Armato M13/40 Light Tank
Panzer III L Medium Tank
Stormless
Grunka Lunka
KingMP
< blank >
0
0
Comments
sign in to comment!
No comments posted yet!